 Dungeon Crawl Stone Soup version 0.31.0-11-ge490571c62 (webtiles) character file.

Game seed: 8677214679446094522

8 browni3141 the Conjurer (level 2, 19/19 HPs)
             Began as a Demonspawn Conjurer on Jan 30, 2024.
             Got out of the dungeon alive.
             The game lasted 00:00:28 (317 turns).

browni3141 the Conjurer (Demonspawn Conjurer)        Turns: 317, Time: 00:00:28

Health: 19/19      AC:  2    Str:  7    XL:     2   Next: 0%
Magic:  3/5        EV: 12    Int: 18    God:
Gold:   25         SH:  0    Dex: 11    Spells: 4/5 levels left

rFire   . . .        d - +0 short sword
rCold   . . .        (no shield)
rNeg    . . .        a - +0 robe
rPois   .            (no helmet)
rElec   .            (no cloak)
rCorr   .            (no gloves)
SInv    .            (no boots)
Will    .....        (no amulet)
Stlth   ++           (no ring)
HPRegen 0.23/turn    (no ring)
MPRegen 0.09/turn

%: no passive effects
@: no status effects
A: demonic guardian 1
a: no special abilities


You escaped.
You visited 1 branch of the dungeon, and saw 1 of its levels.

You collected 25 gold pieces.

Inventory:

Hand Weapons
 d - a +0 short sword (weapon)
Missiles
 g - 3 silver javelins
Armour
 a - a +0 robe (worn)
Jewellery
 c - a ring of wizardry
Scrolls
 f - a scroll of identify {unknown}
Potions
 b - a potion of magic
 e - a potion of might {unknown}


   Skills:
 + Level 2.0 Dodging
 + Level 2.0 Stealth
 + Level 2.1 Spellcasting
 + Level 4.1 Conjurations


You had 4 spell levels left.
You knew the following spells:

 Your Spells              Type           Power      Damage    Failure   Level
a - Magic Dart            Conj           64%        1d6       3%          1

Your spell library contained the following spells:

 Spells                   Type           Power      Damage    Failure   Level
 Searing Ray              Conj           32%        2d5       4%          2
 Fulminant Prism          Conj/Alch      4%         3d5       58%         4
 Iskenderun's Mystic Bla  Conj/Tloc      9%         2d4       58%         4


Dungeon Overview and Level Annotations

Branches:
Dungeon (1/15)

Altars:

Shops:
D:1 (


Innate Abilities, Weirdness & Mutations

A weak demonic guardian rushes to your aid.


Message History

The bat hits you but does no damage.
Unknown command.
The magic dart hits the bat.
The bat is severely wounded.
The bat barely misses you.
You are out of magic!
The bat hits you but does no damage.
You barely miss the bat.
The bat is severely wounded.
The bat barely misses you.
You hit the bat but do no damage.
The bat is severely wounded.
The bat hits you. The bat hits you.
You see here a frilled lizard corpse.
The bat barely misses you. The bat hits you.
You barely miss the bat.
The bat is severely wounded.
The bat barely misses you.
You hit the bat.
You kill the bat!
A kobold comes into view. It is wielding a +0 short sword.
You see here a giant cockroach corpse.
The kobold shouts!
The kobold closely misses you.
You barely miss the kobold. The kobold barely misses you.
The magic dart hits the kobold.
The kobold is severely wounded.
The kobold barely misses you.
You barely miss the kobold.
The kobold is severely wounded.
The kobold hits you but does no damage.
You hit the kobold but do no damage.
The kobold is moderately wounded.
The kobold closely misses you.
You barely miss the kobold.
The kobold is moderately wounded.
The kobold misses you. The kobold barely misses you.
You see here a +0 leather armour.
Things that are here:
a +0 short sword; 5 stones; a kobold corpse
d - a +0 short sword (weapon)
The kobold shouts!
The kobold throws a stone.
The stone hits you.
The kobold hits you with a +0 short sword.
You closely miss the kobold.
The kobold is moderately wounded.
The kobold hits you with a +0 short sword.
You hit the kobold.
You kill the kobold!
You now have 21 gold pieces (gained 11).
Things that are here:
a +0 short sword; 2 stones; a +0 leather armour HP restored.
e - a fuming silvery potion
f - a scroll labelled XEUMIG INGANKO A bat comes into view.
A bat is nearby!
The magic dart hits the bat.
The bat is severely wounded.
The bat misses you.
The magic dart hits the bat.
You kill the bat!
Your Stealth skill increases to level 2!
You can't see any susceptible monsters within range! (Use Z to cast anyway.)
Found Sudoracuox's Weapon Emporium.
There is an entrance to Sudoracuox's Weapon Emporium here.
You can access your shopping list by pressing '$'.
g - 3 silver javelins You open the door.
You open the door.
There is an open door here.
You now have 25 gold pieces (gained 4).
You see here 5 stones.
Found a faded altar of an unknown god.
A ball python comes into view.
You can't see any susceptible monsters within range! (Use Z to cast anyway.)
You can't see any susceptible monsters within range! (Use Z to cast anyway.)
You can't see any susceptible monsters within range! (Use Z to cast anyway.)
You can't see any susceptible monsters within range! (Use Z to cast anyway.)
You can't see any susceptible monsters within range! (Use Z to cast anyway.)
You can't see any susceptible monsters within range! (Use Z to cast anyway.)
You can't see any susceptible monsters within range! (Use Z to cast anyway.)
A rat comes into view.
The magic dart hits the ball python.
The ball python is moderately wounded.
The ball python hisses angrily.
The magic dart hits the ball python.
You kill the ball python!
Your Dodging skill increases to level 2!
The magic dart hits the rat.
You kill the rat!
You have reached level 2!
Your demonic ancestry asserts itself...
You feel the presence of a demonic guardian.
You see here 5 stones.
There is an open door here.
There is a staircase leading out of the dungeon here.
You have escaped!

8#####..# ## #(#+ ....##
... ###.# ....# ..
####...# ...# ..
.......#. ♣..# .♣
.......#.. ♣♣..# ..♣♣
.......#...♣♣...##...♣♣.
.......#................
)......##.......@.......
......########..##..####
.......#######..##..##
.......##.............
.......#...............
......##...♣♣...##...♣♣.
......##..♣♣♣♣..# ..♣♣
###..###..♣♣♣♣..# .♣
.......#...♣♣...# .


There were no monsters in sight!

Vanquished Creatures
  A giant cockroach (D:1)
  A ball python (D:1)
  2 bats (D:1)
  2 frilled lizards (D:1)
  2 kobolds (D:1)
  2 rats (D:1)
10 creatures vanquished.

Notes
Turn   | Place    | Note
-------+----------+-------------------------------------------
     0 | D:1      | browni3141 the Demonspawn Conjurer began the quest for the
                  | Orb.
     0 | D:1      | Reached XP level 1. HP: 13/13 MP: 3/3
   221 | D:1      | Found Sudoracuox's Weapon Emporium.
   261 | D:1      | Found a faded altar of an unknown god.
   277 | D:1      | Gained mutation: A weak demonic guardian rushes to your
                  | aid. [demonic ancestry]
   277 | D:1      | Reached XP level 2. HP: 19/19 MP: 0/5
   317 | D:$      | Got out of the dungeon alive.

Illustrated notes

Levels and vault maps discovered:
D:1:      minmay_arrival_four_loops, layout_basic, serial_shops, shop,
          ebering_ecumenical_altar_ruins, minmay_small_reverse_x

Skill      XL: |  1 |
---------------+----+-----
Stealth        | 2 |  2.0
Dodging        | 2 |  2.0
Spellcasting   | |  2.1
Conjurations   | |  4.1

Action                     || total
---------------------------++-------
  Melee: Unarmed           ||    10
         Short sword       ||     2
   Cast: Magic Dart        ||    14
 Armour: Robe              ||    12
  Dodge: Dodged            ||    15
